 Dungeon Crawl Stone Soup version 0.23.2-33-g5129a83184 (webtiles) character file.

Game seed: 3380721711631201044

833 psyvane the Spear-Bearer (level 7, 0/50 HPs)
             Began as a Merfolk Skald on June 30, 2019.
             Was a Follower of Dithmenos.
             Slain by a hippogriff (4 damage)
             ... on level 7 of the Dungeon.
             The game lasted 00:37:03 (6501 turns).

psyvane the Spear-Bearer (Merfolk Skald)            Turns: 6501, Time: 00:37:04

Health: 0/50       AC:  6    Str: 13    XL:     7   Next: 98%
Magic:  10/10      EV: 14    Int: 13    God:    Dithmenos [*.....]
Gold:   202        SH:  0    Dex: 13    Spells: 2/10 levels left

rFire    . . .     SeeInvis +   a - +0 spear
rCold    + . .     Gourm    .   (no shield)
rNeg     . . .     Faith    .   b - +1 leather armour
rPois    .         Spirit   .   (no helmet)
rElec    +         Reflect  .   (no cloak)
rCorr    .         Harm     .   (no gloves)
MR       .....                  l - +1 pair of boots
Stlth    +.........             (no amulet)
HPRegen  0.16/turn              m - ring of protection from cold
MPRegen  0.12/turn              g - ring of Charity {*Corrode +Blink +Fly rElec SInv}

@: very slightly contaminated, wreathed by umbra
A: change form in water, swift swim, stealthy swim, MP-powered wands
a: Renounce Religion, Evoke Blink, Evoke Flight


You were on level 7 of the Dungeon.
You worshipped Dithmenos.
Dithmenos was aware of your devotion.
You were not hungry.

You visited 1 branch of the dungeon, and saw 7 of its levels.

You collected 202 gold pieces.

Inventory:

Hand Weapons
 a - a +0 spear (weapon)
Armour
 b - a +1 leather armour (worn)
 l - a +1 pair of boots (worn)
Jewellery
 g - the ring of Charity (right hand) {*Corrode +Blink +Fly rElec SInv}
   (You found it on level 6 of the Dungeon)

   [ring of flight]

   It insulates you from electricity.
   It lets you see invisible.
   It lets you fly.
   It lets you blink.
   It may corrode you when you take damage.
 m - a ring of protection from cold (left hand)
Wands
 c - a wand of random effects (11)
 o - a wand of flame (15)
Scrolls
 e - a scroll of teleportation {unknown}
 i - a scroll of identify
 k - a scroll of enchant weapon {unknown}
 n - a scroll of amnesia {unknown}
 q - a scroll of remove curse
Comestibles
 d - 6 rations
 f - a chunk of flesh


   Skills:
 - Level 2.1 Fighting
 * Level 9.2 Polearms
 - Level 0.6 Armour
 * Level 4.6 Dodging
 - Level 2.0 Spellcasting
 - Level 5.0 Charms
 - Level 3.1 Necromancy
 - Level 0.1 Translocations


You had 2 spell levels left.
You knew the following spells:

 Your Spells              Type           Power        Failure   Level  Hunger
a - Infusion              Chrm           ##..         4%          1    ##.....
b - Shroud of Golubria    Chrm/Tloc      #.........   17%         2    ###....
c - Regeneration          Chrm/Necr      ##........   19%         3    ####...
d - Song of Slaying       Chrm           ##......     6%          2    ###....

Your spell library contained the following spells:

 Spells                   Type           Power        Failure   Level  Hunger
 Spectral Weapon          Hex/Chrm       #.......     34%         3    ####...


Dungeon Overview and Level Annotations

Branches:
Dungeon (7/15)             Temple (0/1) D:4

Altars:
Ashenzari
Dithmenos
Fedhas
Trog
Yredelemnul
The Shining One

Shops:
D:5 }

Annotations:
D:5 Sigmund
D:6 Duvessa


Innate Abilities, Weirdness & Mutations

You revert to your normal form in water You are very nimble and swift while swimming.
You are very stealthy in the water. (Stealth+)
You expend magic power (3 MP) to strengthen your wands.


Message History

Press: ? - help, Dir - move target cursor, f/p - hippogriff
Aim: a hippogriff (severely wounded)
You reach to attack!
You closely miss the hippogriff.
The hippogriff is severely wounded.
Casting: Regeneration (safe; 19% risk of failure)
Confirm with . or Enter, or press ? or * to list all spells.
You miscast Regeneration.
You are very lightly contaminated with residual magic.
Your skin tingles.
The hippogriff bites you! The hippogriff pecks you. The hippogriff claws you.
* * * LOW HITPOINT WARNING * * *
You are no longer corroded.
Found a ring mail.
As you read the scroll labeled DAOCIS XEUPEAW, it crumbles to dust.
You feel blessed for a moment.
It was a scroll of remove curse.
The hippogriff closely misses you. The hippogriff barely misses you. x2
Magic courses through your body. The hippogriff bites you!
* * * LOW HITPOINT WARNING * * *
The hippogriff barely misses you. The hippogriff claws you.
You die...

###### ##.รท..#
#..##.##
..##...#############
.##.....##..[...@H.#
.#.......#########.#
....._.....#######.#
.#.[.....#.........#
.##.....############
..##...#########
...##.##.......#
...............#
...#...........#


You could see a hippogriff.

Vanquished Creatures
  A centaur (D:6)
  2 bullfrogs
  Dowan (D:6)
  A bullfrog zombie (D:6)
  3 bullfrog skeletons
  2 orc priests
  3 orc wizards
  2 iguanas
  2 worker ants
  A hound skeleton (D:5)
  7 adders
  A shadow imp (D:5)
  2 oozes
  2 worms (D:3)
  A dart slug (D:2)
  2 leopard geckos
  23 orcs
  3 ball pythons
  2 giant cockroaches
  9 goblins
  10 hobgoblins
  6 kobolds
  3 quokkas
  7 bats
  6 frilled lizards
  A jackal skeleton (D:5)
  A leopard gecko skeleton (D:7)
  2 quokka zombies
  5 rats
111 creatures vanquished.

Notes
Turn   | Place    | Note
-------+----------+-------------------------------------------
     0 | D:1      | psyvane the Merfolk Skald began the quest for the Orb.
     0 | D:1      | Reached XP level 1. HP: 16/16 MP: 3/3
   355 | D:1      | Reached skill level 4 in Polearms
   355 | D:1      | Reached XP level 2. HP: 11/22 MP: 0/5
   868 | D:1      | Learned a level 2 spell: Shroud of Golubria
  1055 | D:1      | Reached skill level 5 in Polearms
  1055 | D:1      | Reached XP level 3. HP: 27/27 MP: 0/6
  1710 | D:2      | Reached skill level 6 in Polearms
  1962 | D:2      | Learned a level 3 spell: Regeneration
  1988 | D:2      | Reached XP level 4. HP: 20/33 MP: 0/7
  2987 | D:3      | Reached skill level 1 in Necromancy
  2987 | D:3      | Reached XP level 5. HP: 25/38 MP: 2/8
  2991 | D:3      | Learned a level 2 spell: Song of Slaying
  3119 | D:3      | Found a basalt altar of Yredelemnul.
  3229 | D:3      | Found a shattered altar of Ashenzari.
  3811 | D:4      | Found a shadowy altar of Dithmenos.
  3814 | D:4      | Became a worshipper of Dithmenos the Shadowed
  3825 | D:4      | Found a staircase to the Ecumenical Temple.
  3839 | D:4      | Noticed an ogre
  4318 | D:4      | Found a glowing golden altar of the Shining One.
  4413 | D:4      | Found a blossoming altar of Fedhas.
  4464 | D:4      | Reached skill level 5 in Charms
  4587 | D:4      | Reached XP level 6. HP: 44/44 MP: 6/9
  4655 | D:5      | Entered Level 5 of the Dungeon
  4655 | D:5      | Found Iwkoar's Gadget Emporium.
  4949 | D:5      | Reached * piety under Dithmenos
  5129 | D:5      | Noticed Sigmund
  5151 | D:5      | Gained mutation: You occasionally shout uncontrollably at
                  | your foes. [potion of mutation]
  5151 | D:5      | Lost mutation: You occasionally shout uncontrollably at
                  | your foes. [potion of mutation]
  5151 | D:5      | Gained mutation: You expend magic power (3 MP) to
                  | strengthen your wands. [potion of mutation]
  5232 | D:6      | Reached XP level 7. HP: 17/50 MP: 0/10
  5513 | D:6      | Reached skill level 7 in Polearms
  5733 | D:6      | Reached skill level 8 in Polearms
  5742 | D:6      | Got a vibrating tin ring
  5743 | D:6      | Identified the ring of Charity {*Corrode +Blink +Fly rElec
                  | SInv} (You found it on level 6 of the Dungeon)
  5885 | D:6      | Noticed Dowan
  5918 | D:6      | Killed Dowan
  6026 | D:6      | Noticed Duvessa
  6367 | D:7      | Found a bloodstained altar of Trog.
  6423 | D:7      | Reached skill level 9 in Polearms
  6443 | D:7      | Noticed a hippogriff
  6501 | D:7      | Slain by a hippogriff

Skill      XL: |  1  2  3  4  5  6  7 |
---------------+----------------------+-----
Polearms       | 4 5 6 9 |  9.2
Charms         | 4 5 |  5.0
Necromancy     | 1 3 |  3.1
Dodging        | 3 4 |  4.6
Fighting       | |  2.1
Armour         | |  0.6
Spellcasting   | |  2.0
Translocations | |  0.1

Action                   |  1- 3 |  4- 6 |  7- 9 || total
-------------------------+-------+-------+-------++-------
Melee: Spear             |   140 |   364 |   230 ||   734
       Tailslap          |       |     2 |       ||     2
 Cast: Infusion          |    16 |     6 |     1 ||    23
       Shroud of Golubri |     6 |    26 |    21 ||    53
       Regeneration      |       |     5 |     8 ||    13
       Song of Slaying   |       |     1 |       ||     1
  Use: Potion            |       |     5 |     3 ||     8
       Scroll            |       |     2 |     4 ||     6
  Eat: Chunk             |     4 |     7 |     2 ||    13
       Ration            |       |     2 |     2 ||     4
Armor: Leather armour    |    26 |    47 |    46 ||   119
Dodge: Dodged            |    70 |   169 |   142 ||   381
